 Dungeon Crawl Stone Soup version 0.25-a0-58-g9dd530fc12 (webtiles) character file.

Game seed: 2468470650126116039, levelgen mode: deterministic

78 Menyeteske the Ruffian (level 4, 44/44 HPs)
             Began as a Troll Berserker on Oct 26, 2019.
             Was a Follower of Trog.
             Quit the game on level 2 of the Dungeon on Oct 31, 2019.
             The game lasted 00:06:37 (1001 turns).

Menyeteske the Ruffian (Troll Berserker)            Turns: 1001, Time: 00:06:37

Health: 44/44      AC:  6    Str: 26    XL:     4   Next: 15%
Magic:  3/3        EV: 10    Int:  3    God:    Trog [*.....]
Gold:   37         SH:  0    Dex:  9    Spells: 3/3 levels left

rFire    . . .     SeeInvis .     - Unarmed
rCold    . . .     Gourm    +   (no shield)
rNeg     . . .     Faith    .   a - +0 animal skin
rPois    .         Spirit   .   (helmet restricted)
rElec    .         Reflect  .   (no cloak)
rCorr    .         Harm     .   (gloves unavailable)
MR       .....                  (boots unavailable)
Stlth    +.........             (no amulet)
HPRegen  0.54/turn              (no ring)
MPRegen  0.08/turn              (no ring)

@: no status effects
A: large, unfitting armour, claws 3, fast metabolism 3, gourmand, regeneration
1, shaggy fur 1, tough skin 3
a: Berserk, Renounce Religion


You were on level 2 of the Dungeon.
You worshipped Trog.
Trog was aware of your devotion.
You were completely stuffed.

You visited 1 branch of the dungeon, and saw 2 of its levels.

You collected 37 gold pieces.

Inventory:

Hand Weapons
 f - a +2 flail of protection
Missiles
 j - 18 poisoned darts (quivered)
Armour
 a - a +0 animal skin (worn)
 g - a +0 leather armour
Scrolls
 c - a scroll of identify {unknown}
 d - a scroll of teleportation {unknown}
 i - 2 scrolls of enchant weapon {unknown}
Potions
 e - a potion of haste {unknown}
 h - a potion of brilliance {unknown}
 l - a potion of lignification {unknown}
Comestibles
 b - 4 rations
 k - 2 chunks of flesh


   Skills:
 + Level 2.8 Fighting
 + Level 3.1 Dodging
 + Level 4.0 Unarmed Combat


You had 3 spell levels left.
You didn't know any spells.
Your spell library was empty.

Dungeon Overview and Level Annotations

Branches:
Dungeon (2/15)

Altars:


Innate Abilities, Weirdness & Mutations

You are too large for most types of armour.
You have claws for hands.
Your metabolism is lightning-fast.
You like to eat raw meat.
Your natural rate of healing is unusually fast.
You are covered in fur. (AC +1)
You have extremely tough skin. (AC +3)


Message History

Found a white potion.
The goblin shouts!
The goblin closely misses you.
Found a scroll labeled CAHEIXOUWO.
You mangle the goblin!!
You kill the goblin!
Trog accepts your kill.
Things that are here:
a +0 dagger; a goblin corpse You butcher the goblin corpse.
k - 2 chunks of flesh (gained 1)
Things that are here:
a +0 dagger; a goblin skeleton
l - a white potion
i - 2 scrolls labeled CAHEIXOUWO (gained 1) Welcome back, Menyeteske the Troll Berserker.
Trog says: Kill them all!
Press ? for a list of commands and other information.
Unknown command.
Are you sure you want to abandon this character and quit the game? (Confirm with "yes".)

#.# #.# #.# #.###.# #.# #.
......# #.# #.
#.###.###.####.##
#.##............#
##.......^####..#
.###...#### #..# .# ##.##
#..###.# .# #)# #..@...#
.# #.# #####)##### .#
##'## #.......# .###...##
#.###.#.# .##.....###.#
#.#.# ##.......##.###.#.#
#.........#.##....########
+.........'...............
#.........#)##....########


There were no monsters in sight!

Vanquished Creatures
  Terence (D:2)
  An adder (D:2)
  An ooze (D:2)
  A dart slug (D:2)
  2 leopard geckos
  A ball python (D:1)
  5 bats (D:1)
  7 goblins
  4 hobgoblins
  4 frilled lizards
  5 kobolds (D:1)
  3 rats (D:1)
35 creatures vanquished.

Notes
Turn   | Place    | Note
-------+----------+-------------------------------------------
     0 | D:1      | Menyeteske the Troll Berserker began the quest for the Orb.
     0 | D:1      | Reached XP level 1. HP: 22/22 MP: 0/0
   104 | D:1      | Reached XP level 2. HP: 29/29 MP: 1/1
   743 | D:2      | Noticed Terence
   754 | D:2      | Killed Terence
   754 | D:2      | Reached XP level 3. HP: 13/36 MP: 2/2
   870 | D:2      | Found a faded altar of an unknown god.
   935 | D:2      | Reached skill level 4 in Unarmed Combat
   935 | D:2      | Reached XP level 4. HP: 42/44 MP: 3/3
  1001 | D:2      | Quit the game

Levels and vault maps discovered:
D:1:      scummos_arrival_simple_fountains, layout_rooms, st_stairs_1,
          serial_park_tiny_1
D:2:      layout_loops_corners, first_ration, chequers_ecumenical_altar_simple,
          hangedman_abyss_or_decor_lesser_grid, grunt_ministairs_3,
          supply_closet_lemuel, uniq_terence

Skill      XL: |  1  2  3 |
---------------+----------+-----
Dodging        | 3 |  3.1
Unarmed Combat | 4 |  4.0
Fighting       | |  2.8

Action                   |  1- 3 |  4- 6 || total
-------------------------+-------+-------++-------
Melee: Unarmed           |    99 |     4 ||   103
       Punch             |     2 |       ||     2
Invok: Berserk           |     5 |       ||     5
  Eat: Chunk             |    19 |     1 ||    20
Armor: Animal skin       |   113 |     1 ||   114
Dodge: Dodged            |   133 |     2 ||   135

Table legend:
 A = Non-vault XP
 B = Vault XP
 C = Vault XP percentage of total XP
 D = Non-vault monster count
 E = Vault monster count
 F = Vault count percentage of total count
                 A         B        C        D         E       F
            +---------+---------+-------+---------+---------+-------
      Total |      58 |      54 |  48.2 |      29 |       6 |  17.1
            +---------+---------+-------+---------+---------+-------
        D:1 |      36 |       4 |  10.0 |      21 |       3 |  12.5
        D:2 |      22 |      50 |  69.4 |       8 |       3 |  27.3
            +---------+---------+-------+---------+---------+-------
